 Dungeon Crawl Stone Soup version 0.27.1 (webtiles) character file.

Game seed: 3371273435396363154

32 Kangaroobicon the Skirmisher (level 3, 0/33 HPs)
             Began as a Draconian Berserker on Sept 4, 2021.
             Was a Follower of Trog.
             Slain by a gnoll (8 damage)
             ... on level 2 of the Dungeon.
             The game lasted 00:06:08 (421 turns).

Kangaroobicon the Skirmisher (Draconian Berserker)   Turns: 421, Time: 00:06:08

Health: 0/33       AC:  5    Str: 19    XL:     3   Next: 8%
Magic:  3/3        EV: 12    Int:  7    God:    Trog [*.....]
Gold:   15         SH:  0    Dex: 11    Spells: 2/2 levels left

rFire    . . .     SeeInvis .   a - +0 mace
rCold    . . .     Faith    .   (no shield)
rNeg     . . .     Spirit   .   (armour unavailable)
rPois    .         Reflect  .   (helmet restricted)
rElec    .         Harm     .   (no cloak)
rCorr    .         Rampage  .   (no gloves)
Will     .....                  (no boots)
Stlth    +.........             (no amulet)
HPRegen  0.11/turn              (no ring)
MPRegen  0.08/turn              (no ring)

@: no status effects
A: AC +5, unfitting armour, cold-blooded
a: Renounce Religion, Berserk


You were on level 2 of the Dungeon.
You worshipped Trog.
Trog was aware of your devotion.
You visited 1 branch of the dungeon, and saw 2 of its levels.

You collected 15 gold pieces.

Inventory:

Hand Weapons
 a - a +0 mace (weapon)
 d - a +0 hunting sling
Missiles
 b - 43 arrows
Scrolls
 c - a scroll of enchant armour {unknown}
 e - a scroll of enchant weapon {unknown}
 g - a scroll of noise {unknown}
Potions
 f - a potion of heal wounds {unknown}


   Skills:
 + Level 3.6 Fighting
 + Level 3.6 Maces & Flails
 + Level 3.1 Dodging


You had 2 spell levels left.
You didn't know any spells.
Your spell library was empty.

Dungeon Overview and Level Annotations

Branches:
Dungeon (1/15)

Altars:


Innate Abilities, Weirdness & Mutations

Your plain brown scales are hard. (AC +5)
You cannot fit into any form of body armour.
You are cold-blooded and may be slowed by cold attacks.


Message History

Trog accepts your kill. The gnoll hits you but does no damage.
The kobold hits you but does no damage.
You barely miss the kobold. The gnoll misses you.
The kobold closely misses you. The gnoll closely misses you.
You hit the kobold.
You kill the kobold!
Trog accepts your kill. The gnoll barely misses you.
You hit the gnoll.
Your tail-slap misses the gnoll.
The gnoll is moderately wounded.
The gnoll barely misses you.
The gnoll hits you from afar with a +0 spear.
You closely miss the gnoll.
The gnoll is moderately wounded.
The gnoll hits you with a +0 whip.
The gnoll hits you from afar with a +0 spear.
You barely miss the gnoll.
The gnoll is moderately wounded.
The gnoll hits you with a +0 whip. The gnoll misses you.
You closely miss the gnoll. The gnoll completely misses you.
The gnoll misses you.
You sock the gnoll!
The gnoll is heavily wounded.
The gnoll barely misses you.
The gnoll hits you from afar with a +0 spear.
* * * LOW HITPOINT WARNING * * *
The gnoll misses you.
You hit the gnoll. You tail-slap the gnoll.
You kill the gnoll!
Trog accepts your kill. The gnoll misses you.
You have reached level 3!
Your experience leads to an increase in your attributes!
Increase (S)trength, (I)ntelligence, or (D)exterity?
You feel agile.
Your scales feel tougher.
You hit the gnoll but do no damage. You tail-slap the gnoll.
The gnoll is heavily wounded.
The gnoll completely misses you. The gnoll barely misses you.
The gnoll hits you with a +0 whip!
You die...

.##.........
..........#
....$.....#
.........#
#........#
#........#
#gg......# #g#
#@# #.#####
####.....####
#...........#
#...........#
#...........#
##...........#
#............#
#............#


You could see 3 gnolls.

Vanquished Creatures
  A gnoll (D:2)
  A worm (D:2)
  A dart slug (D:1)
  2 endoplasms (D:1)
  2 giant cockroaches (D:2)
  3 goblins (D:1)
  A quokka (D:2)
  2 ball pythons (D:1)
  2 bats
  A kobold (D:2)
  A rat (D:1)
17 creatures vanquished.

Notes
Turn   | Place    | Note
-------+----------+-------------------------------------------
     0 | D:1      | Kangaroobicon the Draconian Berserker began the quest for
                  | the Orb.
     0 | D:1      | Reached XP level 1. HP: 19/19 MP: 1/1
   155 | D:1      | Reached XP level 2. HP: 25/26 MP: 2/2
   231 | D:1      | Found a faded altar of an unknown god.
   311 | D:1      | You fall into a shaft and drop 1 floor!
   421 | D:2      | Reached XP level 3. HP: 8/33 MP: 3/3
   421 | D:2      | Slain by a gnoll

Illustrated notes

Levels and vault maps discovered:
D:1:      eino_arrival_druids_welcome, layout_basic,
          shapermc_ecumenical_altar_totnotflames, minmay_heptomino_h4
D:2:      layout_basic, uniq_natasha

Skill      XL: |  1  2 |
---------------+-------+-----
Dodging        | 3 |  3.1
Fighting       | |  3.6
Maces & Flails | |  3.6

Action                   || total
-------------------------++-------
Melee: Mace              ||    51
       Tailslap          ||     8
Armor: Skin              ||    12
Dodge: Dodged            ||    41
